 Dungeon Crawl Stone Soup version 0.23-a0-393-g6e9e0f2070 (webtiles) character file.

97 Notair the Chopper (level 4, -2/37 HPs)
             Began as a Minotaur Gladiator on Oct 31, 2018.
             Slain by an orc priest
             ... wielding a +0 hand axe
              (4 damage)
             ... on level 3 of the Dungeon.
             The game lasted 00:02:50 (1854 turns).

Notair the Chopper (Minotaur Gladiator)             Turns: 1854, Time: 00:02:50

Health: -2/37      AC:  3    Str: 18    XL:     4   Next: 42%
Magic:  3/3        EV: 13    Int:  6    God:
Gold:   110        SH:  0    Dex: 12    Spells: 3/3 levels left

rFire    . . .     SeeInvis .   a - +0 war axe
rCold    . . .     Gourm    .   (no shield)
rNeg     . . .     Faith    .   b - +0 leather armour
rPois    .         Spirit   .   c - +0 hat
rElec    .         Reflect  .   (no cloak)
rCorr    .         Harm     .   (no gloves)
MR       .....                  (no boots)
Stlth    +.........             (no amulet)
HPRegen  0.12/turn              (no ring)
MPRegen  0.08/turn              (no ring)

@: no status effects
A: retaliatory headbutt, horns 2
a: no special abilities


You were on level 3 of the Dungeon.
You were not hungry.

You visited 1 branch of the dungeon, and saw 3 of its levels.

You collected 110 gold pieces.

Inventory:

Hand Weapons
 a - a +0 war axe (weapon)
Missiles
 d - 3 throwing nets (quivered)
 j - 30 sling bullets
Armour
 b - a +0 leather armour (worn)
 c - a +0 hat (worn)
Scrolls
 e - 3 scrolls of identify {unknown}
 h - 3 scrolls of remove curse {unknown}
 i - a scroll of blinking {unknown}
 l - a scroll of fog {unknown}
 m - a scroll of teleportation {unknown}
 o - a scroll of enchant weapon {unknown}
Potions
 g - a potion of cancellation
 k - a potion of berserk rage
 n - 2 potions of haste {unknown}
Comestibles
 f - 7 rations


   Skills:
 - Level 2.4 Fighting
 * Level 6.4 Axes
 - Level 2.0 Throwing
 - Level 3.2 Dodging


You had 3 spell levels left.
You didn't know any spells.
Your spell library was empty.

Dungeon Overview and Level Annotations

Branches:
Dungeon (3/15)

Altars:
Cheibriados
The Shining One


Innate Abilities, Weirdness & Mutations

You reflexively headbutt those who attack you in melee.
You have a pair of horns on your head.


Message History

The orc priest closely misses you.
You barely miss the orc priest.
You headbutt the orc priest, but do no damage.
The orc priest is lightly wounded.
The orc priest misses you.
You closely miss the orc priest. Your headbutt misses the orc priest.
The orc priest is lightly wounded.
The orc priest mumbles some strange prayers to Beogh against you.
Beogh smites you!
Your leather armour prevents you from hitting the orc priest.
The orc priest is lightly wounded.
The orc priest hits you with a +0 hand axe.
You barely miss the orc priest. Your headbutt misses the orc priest.
The orc priest is lightly wounded.
The orc priest hits you with a +0 hand axe!
* * * LOW HITPOINT WARNING * * *
You hit the orc priest.
The orc priest is heavily wounded.
The orc priest hits you with a +0 hand axe.
You die...

#..#
#..#
#..#
..#
...
#.#
#o#
#@#
#.#
#.#
#<#
#.#
#.#
#.#
#..
###


You could see an orc priest.

Vanquished Creatures
  5 adders (D:2)
  A worm (D:2)
  A dart slug (D:2)
  2 orcs (D:3)
  5 bats
  3 giant cockroaches
  5 goblins
  7 hobgoblins
  2 quokkas (D:2)
  3 frilled lizards
  8 kobolds
  2 rats
44 creatures vanquished.

Notes
Turn   | Place    | Note
-------+----------+-------------------------------------------
     0 | D:1      | Notair the Minotaur Gladiator began the quest for the Orb.
     0 | D:1      | Reached XP level 1. HP: 18/18 MP: 0/0
   178 | D:1      | Reached skill level 4 in Axes
   212 | D:1      | Reached XP level 2. HP: 6/25 MP: 1/1
  1002 | D:2      | Reached skill level 5 in Axes
  1023 | D:2      | Reached XP level 3. HP: 30/30 MP: 2/2
  1259 | D:2      | Found a glowing golden altar of the Shining One.
  1411 | D:2      | Reached skill level 6 in Axes
  1411 | D:2      | Reached XP level 4. HP: 32/37 MP: 3/3
  1423 | D:2      | Found a snail-covered altar of Cheibriados.
  1854 | D:3      | Slain by an orc priest

Vault maps used:
D:1:      lemuel_arrival_rhombus, st_stairs_7
D:2:      lemuel_crystal_altar, lemuel_crystal_altar, minmay_tetromino_o2
D:3:      uniq_natasha

Skill      XL: |  1  2  3 |
---------------+----------+-----
Axes           | 4 5 6 |  6.4
Fighting       | |  2.4
Throwing       | |  2.0
Dodging        | |  3.2

Action                   |  1- 3 |  4- 6 || total
-------------------------+-------+-------++-------
Melee: War axe           |    84 |    29 ||   113
       Headbutt          |    12 |     4 ||    16
  Use: Potion            |     3 |       ||     3
  Eat: Chunk             |     1 |     2 ||     3
Armor: Leather armour    |    19 |     2 ||    21
Dodge: Dodged            |    59 |    19 ||    78

Table legend:
 A = Non-vault XP
 B = Vault XP
 C = Vault XP percentage of total XP
 D = Non-vault monster count
 E = Vault monster count
 F = Vault count percentage of total count
                 A         B        C        D         E       F
            +---------+---------+-------+---------+---------+-------
      Total |     134 |       5 |   3.6 |      41 |       3 |   6.8
            +---------+---------+-------+---------+---------+-------
        D:1 |      25 |       3 |  10.7 |      15 |       2 |  11.8
        D:2 |     103 |       2 |   1.9 |      24 |       1 |   4.0
        D:3 |       6 |       0 |   0.0 |       2 |       0 |   0.0
            +---------+---------+-------+---------+---------+-------
